[Event "European Women-ch 2023"]
[Site "Petrovac"]
[Date "2023.03.27"]
[Round "9.9"]
[White "Mkrtchyan, Mariam"]
[Black "Garifullina, Leya"]
[Result "0-1"]
[ECO "A11"]
[WhiteElo "2343"]
[BlackElo "2372"]
[Annotator "TA"]
[PlyCount "110"]
[EventDate "2023.03.15"]
[EventType "swiss"]
[EventCountry "MNE"]
[SourceTitle "playchess.com"]
[Source "ChessBase"]
[SourceQuality "1"]
[TimeControl "40/5400+30:1800+30"]

1. Nf3 d5 2. g3 Bg4 3. Bg2 e6 4. c4 c6 5. cxd5 Bxf3 6. Bxf3 cxd5 7. O-O Nc6 $1 {[%emt 0:00:26] 7...Nc6 scores better than 7...Nf6.} 8. d3 {[%emt 0:00:49] A11: English Opening: 1...c6.} Nf6 9. e4 dxe4 10. dxe4 {[%emt 0:01:05] [#] The position is equal.} Qxd1 $146 ({Predecessor:} 10... Bc5 11. Nd2 O-O 12. Nb3 Bb6 13. a4 a5 14. Bd2 Nd7 15. Bc3 Nde5 16. Be2 Qe7 {1-0 Grigoryan,K (2584)-Ter Sahakyan,S (2574) ARM-ch 74th Yerevan 2014 (3)}) 11. Rxd1 Bc5 12. Nc3 h6 13. h4 Ke7 14. Na4 Bd4 15. Bd2 Rhd8 16. Rac1 Rac8 17. Kg2 Ke8 18. g4 Ne5 19. Rxc8 Rxc8 20. g5 hxg5 21. hxg5 Nxf3 22. Kxf3 {[%emt 0:00:11] Threatens to win with Bf4.} Nd7 23. Bb4 (23. Ke2 $11 {keeps the balance.}) 23... Rc4 $17 24. a3 {[%emt 0:04:00] Strongly threatening b3.} Ne5+ 25. Ke2 Nc6 26. Kd3 b5 (26... Nxb4+ $2 27. Kxc4 Nc6 28. Rd2 $18) 27. Nc3 Nxb4+ ({Much weaker is} 27... Bxf2 $6 28. Nxb5 Ne5+ 29. Kd2 $11) 28. axb4 Rxb4 29. Nxb5 {[%emt 0:00:11][%mdl 4160] Endgame Deflection. KRB-KRN} Bc5 ({Weaker is} 29... Bxb2 30. Nd6+ Kf8 31. Nc4 $15) 30. Nc3 (30. Ra1 $17) 30... Bxf2 $19 31. Kc2 g6 32. e5 (32. Ra1 $142) 32... Bg3 33. Ra1 Rb7 ({Black should try} 33... Bxe5 $19 34. Rxa7 Rg4 35. Ra8+ Kd7 36. Ra7+ Ke8) 34. Ra5 $17 Rc7 ({Black should play} 34... Bf4 $19 35. Ne4 Kf8) 35. Kd3 Be1 36. Ra6 Rd7+ 37. Kc4 Bxc3 (37... Bg3 $17 38. Ra5 Bf4) 38. Kxc3 {[%emt 0:00:29] KR-KR} Rd5 39. Rxa7 Rxe5 40. b4 {[%emt 0:00:00][%mdl 8192] Wards off Rc5+. Black converts the advantage convincingly.} (40. Ra8+ $11 Kd7 41. Ra7+ Ke8 42. Ra8+ Kd7 43. Ra7+ Kd6 44. Ra6+ Ke7 45. Ra7+ Kd6 46. Ra6+ Kd7 47. Ra7+) 40... Rxg5 $19 {[%emt 0:00:00] aiming for ...Rf5. Black is clearly winning.} 41. Kc4 {[%emt 0:01:07] [#]} Rf5 42. b5 Kd8 43. Kb4 {[%emt 0:02:24] [#]} g5 $1 44. Ka5 g4 45. Ka6 Rf1 46. b6 g3 47. Ra8+ Kd7 48. Rg8 Kc6 49. Rc8+ Kd5 50. Rg8 Ra1+ 51. Kb7 Ra3 52. Kc7 Rc3+ 53. Kd7 Rb3 54. Kc7 Ke4 55. b7 Kf3 {[%emt 0:01:00] Weighted Error Value: White=0.61/Black=0.09 (flawless)} 0-1

[Event "European Women-ch 2023"]
[Site "Petrovac"]
[Date "2023.03.27"]
[Round "9.9"]
[White "Eric, Jovana"]
[Black "Zawadzka, Jolanta"]
[Result "1/2-1/2"]
[ECO "B43"]
[WhiteElo "2230"]
[BlackElo "2391"]
[Annotator "TA"]
[PlyCount "117"]
[EventDate "2023.03.15"]
[EventType "swiss"]
[EventCountry "MNE"]
[SourceTitle "playchess.com"]
[Source "ChessBase"]
[SourceQuality "1"]
[TimeControl "40/5400+30:1800+30"]

1. e4 c5 2. Nf3 e6 3. d4 cxd4 4. Nxd4 a6 5. Nc3 b5 6. Bd3 Bb7 7. O-O Nc6 8. Nxc6 Bxc6 9. Qe2 {[%emt 0:00:35] B43: Sicilian: Kan Variation: 5 Nc3.} Bc5 10. a4 b4 {[%emt 0:00:10] [#]} 11. Nd5 {[%emt 0:00:26][%cal Oc1f4] White has an edge.} Bb7 12. Be3 Qa5 13. Bxc5 Qxc5 14. Qe3 Qxe3 15. Nxe3 {[%emt 0:00:03] [#]} Nf6 $146 ({Predecessor:} 15... d6 16. Nc4 O-O-O 17. Na5 Nf6 18. c3 bxc3 19. Rfc1 Bxe4 20. Rxc3+ Kd7 21. Bxa6 e5 {1-0 Loxine,J (2408)-Wetscherek,A (2355) BL2-Ost 1213 2012 (8.5)}) 16. e5 Nd5 17. Nc4 $36 {[%emt 0:00:58][%mdl 2048] And now Nd6+ would win. Black is under pressure.} Ke7 18. Na5 Bc6 19. Nxc6+ dxc6 20. a5 $1 Rhd8 21. Bc4 f6 (21... Nc7 $11) 22. Rfe1 Rd7 23. g3 Nc7 24. exf6+ gxf6 25. Re4 Rad8 26. Rae1 Rd4 27. b3 ({Worse is} 27. Bxe6 Rxe4 28. Rxe4 Nxe6 $19) 27... R8d6 28. Kg2 c5 29. Rxd4 Rxd4 $16 {[%emt 0:00:14][%mdl 4096] Endgame KRB-KRN} 30. Kf3 f5 {[%emt 0:05:10] Prevents Re4} 31. h3 Kf6 32. g4 $1 Rd7 33. gxf5 Kxf5 34. Re3 {[%emt 0:03:12] White is more active.} (34. Re4 $16) 34... e5 $14 35. Ke2 Nb5 (35... Nd5 $14) 36. Rf3+ $16 Kg5 37. Rg3+ (37. Ke3 $16) 37... Kf5 {[%emt 0:00:43] [#]} (37... Kf6 $1 $14) 38. Ke3 $1 Nd4 39. Bd3+ ({Weaker is} 39. Bxa6 Nxc2+ 40. Ke2 Nd4+ 41. Ke3 Nc2+ 42. Ke2 Nd4+ 43. Ke3 Kf6 $11) 39... Kf6 40. Rg4 (40. Rg8 $18) 40... Nf5+ 41. Bxf5 Kxf5 {[%emt 0:03:09] [#] KR-KR} 42. Rg8 ({White should try} 42. Rh4 $1 $16) 42... c4 $11 {[%emt 0:08:50] The position is equal.} 43. Rf8+ Ke6 44. bxc4 {[%emt 0:04:54] Strongly threatening Rb8.} Rc7 45. Ra8 Rxc4 46. Rxa6+ Kd5 47. Rb6 Rxc2 48. Rxb4 {[%emt 0:00:30] Hoping for Ra4.} Rc3+ 49. Ke2 {[%emt 0:00:41] aiming for Ra4.} Ra3 {[%emt 0:01:43] Repels Ra4} 50. Rh4 Rxa5 51. Rxh7 Ke4 52. Rh4+ Kf5 53. Kf3 Ra3+ 54. Kg2 e4 $1 55. Rh5+ Kf6 56. Rh6+ Kf5 57. Rh8 e3 58. Rf8+ Kg6 59. fxe3 {[%emt 0:00:29] Black defended with fortune.   Weighted Error Value: White=0.13 (very precise) /Black=0.11 (very precise)} 1/2-1/2

[Event "European Women-ch 2023"]
[Site "Petrovac"]
[Date "2023.03.27"]
[Round "9.9"]
[White "Golsta, Ramona"]
[Black "Dwilewicz, Katarzyna"]
[Result "0-1"]
[ECO "E25"]
[WhiteElo "1760"]
[BlackElo "2114"]
[Annotator "TA"]
[PlyCount "34"]
[EventDate "2023.03.15"]
[EventType "swiss"]
[EventCountry "MNE"]
[SourceTitle "playchess.com"]
[Source "ChessBase"]
[SourceQuality "1"]
[TimeControl "40/5400+30:1800+30"]

1. d4 {[%emt 0:00:01] ChessBase II} Nf6 2. c4 e6 3. Nc3 Bb4 4. f3 d5 5. a3 Bxc3+ 6. bxc3 c5 7. cxd5 Nxd5 8. dxc5 Qa5 9. e4 Ne7 10. Ne2 {[%emt 0:04:25] E25: Nimzo-Indian: Sämisch: 5...c5 6 f3 d5 7 cxd5.} O-O 11. Qd6 ({White should try} 11. Be3 $11) 11... Nbc6 $15 {[%emt 0:07:41][%cal Bb8c6,Bc6d4,Bd4c2][%mdl 1056] [#] Black has compensation.} 12. h4 $146 {[%emt 0:04:18] [#]} (12. Qd2 $15) ({Predecessor:} 12. Be3 Rd8 13. Qg3 e5 14. Bg5 Rd3 15. h4 Kf8 16. h5 h6 17. Bxe7+ Nxe7 18. Qxe5 {0-1 Forintos,G-Smyslov,V Monaco Grand Prix-01 GM 1967 (3)}) 12... e5 $1 $17 {[%emt 0:14:22] Threatens to win with ...Rd8.} 13. Qd2 {[%emt 0:03:55] Dodges Rd8} Be6 {[%emt 0:05:26][%cal Oa8d8] Black is more active.} 14. Qg5 $2 (14. c4 $17) 14... f6 (14... Qxc5 15. Rb1 $17) 15. Qg3 (15. Qe3) 15... Nd4 $19 {[%emt 0:08:05] aiming for ...Nc2+. Black is clearly winning.} ({Stronger than} 15... Qxc5 16. Qf2 Qa5 17. g4 $17) 16. Kf2 Nc2 (16... Nxe2 17. Bxe2 Qxc5+ 18. Be3 $17) 17. Bh6 {[%emt 0:06:44][%csl Gh6][%cal Rg3g7] [#]} Rf7 {[%emt 0:05:46] White did not feel at home in the position after the opening.   Weighted Error Value: White=1.13/Black=0.14 (very precise)} (17... Nxa1 $2 18. Qxg7#) 0-1

[Event "European Women-ch 2023"]
[Site "Petrovac"]
[Date "2023.03.27"]
[Round "9.10"]
[White "Mkrtchian, Lilit"]
[Black "Javakhishvili, Lela"]
[Result "0-1"]
[ECO "C00"]
[WhiteElo "2379"]
[BlackElo "2443"]
[Annotator "TA"]
[PlyCount "114"]
[EventDate "2023.03.15"]
[EventType "swiss"]
[EventCountry "MNE"]
[SourceTitle "playchess.com"]
[Source "ChessBase"]
[SourceQuality "1"]
[TimeControl "40/5400+30:1800+30"]

1. Nf3 Nf6 2. g3 d5 3. Bg2 c5 4. O-O e6 5. d3 Nc6 6. Nbd2 Be7 7. e4 O-O 8. Re1 Qc7 9. e5 Nd7 10. Qe2 b5 11. h4 a5 12. Nf1 Ba6 {[%emt 0:00:50] The main line 12...Ba6 scores better than 12...b4.} 13. N1h2 {[%emt 0:02:43] C00: French: Unusual White 2nd moves.} Rfc8 14. Bf4 b4 15. h5 {[%emt 0:10:49] Black is slightly better.} c4 16. h6 g6 17. Ng4 {[%emt 0:09:39] [#]} b3 $146 {[%emt 0:09:46] Strongly threatening ...bxc2.} ({Predecessor:} 17... Qd8 18. Qe3 cxd3 19. cxd3 Nc5 20. Red1 a4 21. Nf6+ Bxf6 22. exf6 Nd7 23. Ne5 Ndxe5 24. Bxe5 Nxe5 25. Qxe5 {0-1 Osinovsky,S (2241)-Barria Zuniga,D (2341) Titled Tuesday intern op 15th Nov Early blitz 2022 (7)}) 18. axb3 ({Reject} 18. cxb3 cxd3 19. Qd1 Nb4 $17) 18... cxd3 19. cxd3 Nb4 (19... Nc5 $5 20. Nf6+ Bxf6 21. exf6 Qb7 $15) 20. Red1 Qd8 (20... Nc5 {is interesting.} 21. Nd4 Qd8 22. Qd2 Bxd3 23. Rdc1 Ne4) 21. Nf6+ Nxf6 (21... Bxf6 $15 22. exf6 Nc5) 22. exf6 $11 Bxf6 23. Be5 Nc6 24. Bh3 (24. Bxf6 $11 Qxf6 25. Qe3) 24... Nxe5 $17 25. Nxe5 Qd6 26. f4 Bb5 ({Black should play} 26... Qb6+ 27. Kh2 Bb5) 27. Rd2 (27. Rdc1 $142) 27... Qb6+ 28. Kh2 Be8 29. Ra3 (29. d4 $17 {was necessary.}) 29... Rc7 30. d4 Rac8 31. Nf3 {[%emt 0:00:37] Now White is beyond hope.} (31. Ra1 $17 {was called for.}) 31... Rc1 $19 32. g4 $2 (32. Bg2) 32... Qc7 33. Kg3 g5 34. Qe3 Be7 35. Ra2 Rb8 {[%emt 0:09:13] [#] ...Bd6 is the strong threat.} 36. Ne5 (36. Qe5 $142 gxf4+ 37. Kh2 Qxe5 38. Nxe5) 36... f6 {[%emt 0:02:27] Hoping for ...gxf4+.} 37. Nd3 gxf4+ 38. Nxf4 Bd6 39. Rd3 Bf7 40. Rxa5 Rc2 41. Ra6 Rxb2 {[%emt 0:08:55] White must now prevent ...e5.} 42. Rxd6 Qxd6 43. Kh4 Kh8 44. Rc3 Rb1 45. Nh5 $2 (45. Bg2) 45... Bxh5 46. Kxh5 Rg8 {[%emt 0:03:36] aiming for ...Rh1.} 47. Qf2 Qf8 {[%emt 0:00:54] ( -> ...Rh1)} 48. Qc2 Rg1 49. Bg2 Rg5+ (49... Rg6 $142 50. Kh4 Rxh6+ 51. Kg3 Qd6+ 52. Kf3 Rh3+ 53. Kf2 Rxg2+ 54. Kxg2 Qh2+ 55. Kf1 Qh1+ 56. Kf2 Rh2+ {[%mdl 64] Skewer} 57. Kg3 Qg1+ 58. Kf4 Qxd4+ 59. Kf3 Rxc2 60. Rxc2 Qd3+ 61. Kg2 Qxc2+ 62. Kg3 d4 63. g5 fxg5 64. Kf3 Qd3+ 65. Kf2 Qe3+ 66. Kf1 d3 67. Kg2 d2 68. Kf1 d1=Q+ 69. Kg2 Qdg1#) 50. Kh4 Qxh6+ 51. Kg3 Rg8 52. Rc8 Re1 (52... Qe3+ $142 53. Kh2 Re1 54. Rxg8+ Kxg8 55. Qc8+ Kg7 56. Qc7+ Kg6 57. Qg3 Qg1+ 58. Kh3 Re3 59. Kh4 Rxg3 60. Kxg3 Qe3+ 61. Bf3 Kg5 62. b4 Qe1+ 63. Kh2 Qf2+ 64. Bg2 Kxg4 65. b5 Qf4+ 66. Kh1 Kg3 67. Kg1 Qf2+ 68. Kh1 Qxg2#) 53. Qc7 Qe3+ {[%emt 0:01:04] Black mates.} 54. Kh2 Qg1+ (54... Qxb3 55. Rxg8+ Kxg8 56. Qd8+ Kg7 57. Qe7+ Kg8 58. Qd8+ Kg7 59. Qe7+ Kg8 60. Qd8+ $11) 55. Kg3 Re3+ ({Inferior is} 55... Qxd4 56. Rxg8+ Kxg8 57. Qd8+ Kf7 58. Qd7+ Kf8 59. Qd8+ Kg7 60. Qe7+ Kh6 61. Qf8+ Kg6 62. Qe8+ Kh6 63. Qf8+ Kg6 64. Qe8+ Kh6 65. Qf8+ $11) 56. Kh4 Qe1+ ({Worse is} 56... Qxg2 57. Rxg8+ Kxg8 58. Qd8+ Kg7 59. Qe7+ Kg8 60. Qe8+ Kg7 61. Qe7+ Kg8 62. Qe8+ Kg7 63. Qe7+ $11) 57. Kh5 Qf1 {[%emt 0:01:25] A fantastic game!   Weighted Error Value: White=0.97/Black=0.66} 0-1

[Event "European Women-ch 2023"]
[Site "Petrovac"]
[Date "2023.03.27"]
[Round "9.10"]
[White "Lach, Aleksandra"]
[Black "Mammadova, Gulnar"]
[Result "1/2-1/2"]
[ECO "C54"]
[WhiteElo "2170"]
[BlackElo "2358"]
[Annotator "TA"]
[PlyCount "118"]
[EventDate "2023.03.15"]
[EventType "swiss"]
[EventCountry "MNE"]
[SourceTitle "playchess.com"]
[Source "ChessBase"]
[SourceQuality "1"]
[TimeControl "40/5400+30:1800+30"]

1. e4 e5 2. Nf3 Nc6 3. Bc4 Nf6 4. d3 Bc5 5. O-O d6 6. c3 a6 7. a4 h6 8. Re1 {[%emt 0:04:13] C54: Giuoco Piano: 4 c3 Nf6, main lines with 5 d4 and 5 d3.} O-O 9. h3 $1 {[%emt 0:01:24] 9.h3 is better than 9.Nbd2.} Ba7 10. Nbd2 (10. b4 {is interesting.} Nh5 11. Na3 Qf6 12. Ra2) 10... Be6 11. b4 Qd7 12. Bxe6 fxe6 13. Nf1 Nh5 14. Ra2 Nf4 {[%emt 0:05:21] [#]} 15. Bxf4 $146 ({Predecessor:} 15. Be3 Bxe3 16. Rxe3 Rf7 17. Kh2 Raf8 18. g3 Ng6 19. Kg2 d5 20. exd5 exd5 21. Qb3 {1-0 Perez,M (2418)-Pierrot,J (2383) ARG-ch sf 94th 2019 (3)}) 15... Rxf4 16. N1h2 Raf8 17. b5 Ne7 18. d4 exd4 19. cxd4 axb5 20. axb5 Bb6 21. Qd3 Ng6 22. g3 {[%emt 0:06:51] Prevents e5.} R4f6 23. Kg2 e5 24. Ree2 exd4 25. Nxd4 Ne5 26. Qb3+ Kh7 27. Nf5 g6 28. Ne3 Qf7 29. Qxf7+ R6xf7 30. Nd5 Bc5 31. f4 Nd3 {[%emt 0:03:46] [#] Strongly threatening ...Nc1.} 32. Rad2 (32. Red2 $5 Nb4 33. Nxb4 Bxb4 34. Re2 $11) 32... Nc1 33. Re1 Nb3 34. Rb2 {[%emt 0:00:01] The position is equal.} Nd4 35. Nf3 c6 36. bxc6 bxc6 37. Ne3 Re7 38. Nc2 Nxf3 39. Kxf3 Ra8 40. Ra1 Rxa1 41. Nxa1 $11 {[%emt 0:06:40][%mdl 4096] Endgame KRB-KRN} Bd4 42. Rb1 Ra7 43. Nc2 Bc5 44. Rb3 Kg7 45. Rc3 Kf7 46. e5 Ke6 47. exd6 Kxd6 48. Rd3+ Ke6 49. g4 Ra4 50. Rc3 Bd6 51. Rxc6 Rxf4+ 52. Ke3 Rf1 53. Ke4 Rf4+ 54. Ke3 {[%emt 0:00:01][%cal Oc6d6] [#] Black must now prevent Rxd6+!} g5 55. Rc8 Kd5 56. Rd8 Ke5 57. Re8+ Kf6 58. Rc8 Be5 59. Rf8+ Kg6 {[%emt 0:00:24] An even fight not without its subleties.   Weighted Error Value: White=0.03 (flawless) /Black=0.02 (flawless)} 1/2-1/2

[Event "European Women-ch 2023"]
[Site "Petrovac"]
[Date "2023.03.27"]
[Round "9.10"]
[White "Makropoulou, Marina"]
[Black "Manova, Ivana"]
[Result "1-0"]
[ECO "C53"]
[WhiteElo "2102"]
[BlackElo "1923"]
[Annotator "TA"]
[PlyCount "83"]
[EventDate "2023.03.15"]
[EventType "swiss"]
[EventCountry "MNE"]
[SourceTitle "playchess.com"]
[Source "ChessBase"]
[SourceQuality "1"]
[TimeControl "40/5400+30:1800+30"]

1. e4 e5 2. Nf3 Nc6 3. Bc4 Bc5 4. c3 Bb6 5. O-O Qf6 {[%emt 0:06:12] [#]} 6. d4 $1 {[%emt 0:01:27] Black must now prevent a4. C53: Giuoco Piano sidelines.} d6 7. Bg5 Qg6 8. dxe5 {[%emt 0:00:23] White is better.} Bg4 {[%emt 0:32:23] Hoping for ...Bxf3.} 9. exd6 cxd6 10. Nbd2 {[%emt 0:06:03] [#]} h6 $146 ({Predecessor:} 10... h5 11. Re1 f6 12. Be3 Bc7 13. Qb3 O-O-O 14. Bf7 Qh7 15. Nd4 Nge7 16. Nb5 Kb8 {1-0 Poetsch,H (2498)-Dauth,B (2360) Berlin Lichtenberger op 14th 2015 (8)}) 11. Be3 Bxe3 12. fxe3 Nf6 13. Qe1 (13. Qb3 $16 Rb8 14. Qa3) 13... O-O $14 14. Nh4 Qg5 15. Nf5 d5 {[%emt 0:14:42][%mdl 64] [#] Deflection} 16. exd5 {[%emt 0:05:12] h4 would be deadly.} Bxf5 17. dxc6 bxc6 18. Nf3 $36 {[%emt 0:07:01][%mdl 2048] White has some pressure.} Qg4 19. Nd4 Be4 20. Qe2 Qg6 21. Rf4 Rae8 22. Raf1 h5 (22... Re5 $11 {keeps the balance.}) 23. Nf5 $16 {[%emt 0:02:48][%cal Of5g7] White is more active.} Bd5 $2 {[%emt 0:03:41] A mistake that costs the game.} (23... Nd5 $16 24. Bxd5 cxd5) 24. Bxd5 $18 Nxd5 25. R4f3 {[%emt 0:02:35] Strongly threatening Rg3.} Re4 $2 (25... Qe6 {is a better chance.} 26. Rg3 {[%mdl 64] Discovered Attack} g6 27. Qxh5 Nxe3 28. Nxe3 Qxe3+ 29. Rxe3 gxh5 30. Rg3+ Kh7) 26. Rg3 {[%emt 0:01:45][%mdl 64] Skewer} Rg4 27. c4 Rxg3 28. hxg3 Qg5 29. cxd5 cxd5 30. Qf3 g6 31. Nd4 {[%emt 0:00:41][%cal Od4e6,Bf5d4,Bd4c6,Bc6e7][%mdl 32] Ne6! is the strong threat.} Qe7 {[%emt 0:00:26] Against Ne6} 32. Qf4 Kg7 (32... Re8 $142 33. Rf2 Rc8) 33. Nc6 Qb7 34. Qf6+ Kh7 35. Ne7 {[%emt 0:01:20][%cal Oe7g6] Threatens to win with Nxg6!} d4 36. exd4 {[%emt 0:00:39][%cal Of6f7] Qxf7+! would kill now.} Qe4 37. d5 Rb8 38. Qxf7+ {[%emt 0:00:13] White mates.} Kh6 39. Ng8+ Rxg8 40. Qxg8 Qe3+ 41. Kh2 Kg5 42. Qd8+ {[%emt 0:00:50] Weighted Error Value: White=0.10 (very precise) /Black=0.43} 1-0

[Event "European Women-ch 2023"]
[Site "Petrovac"]
[Date "2023.03.27"]
[Round "9.11"]
[White "Cyfka, Karina"]
[Black "Abdulla, Khayala"]
[Result "1-0"]
[ECO "D33"]
[WhiteElo "2350"]
[BlackElo "2221"]
[Annotator "TA"]
[PlyCount "117"]
[EventDate "2023.03.15"]
[EventType "swiss"]
[EventCountry "MNE"]
[SourceTitle "playchess.com"]
[Source "ChessBase"]
[SourceQuality "1"]
[TimeControl "40/5400+30:1800+30"]

1. d4 d5 2. c4 e6 3. Nc3 c5 4. cxd5 exd5 5. Nf3 Nf6 6. g3 Nc6 7. Bg2 cxd4 {[%emt 0:00:21] is more profitable than 7...Be7 at the moment.} 8. Nxd4 Bc5 9. Nb3 Bb6 {[%emt 0:00:23] D33: Tarrasch Defence: 6 g3 sidelines.} 10. O-O (10. Bxd5 Nb4 11. Bf3 Qxd1+ 12. Kxd1 Ng4 13. Bxg4 Bxg4 $11) 10... d4 11. Na4 O-O {[%emt 0:01:41] White is slightly better.} 12. Nac5 (12. Re1 $14) 12... Qe7 (12... a5 $5 13. Na4 Re8 $11) 13. Nd3 Bg4 14. Re1 Rfe8 {[%emt 0:01:59] [#]} 15. Bf1 $146 (15. Bg5 $11) ({Predecessor:} 15. Bg5 h6 16. Bxf6 Qxf6 17. Qd2 a5 18. h3 Bf5 19. Nbc5 Re7 20. Rac1 Rc8 21. Nf4 {1-0 Vastrukhin,O (2401)-Moussard,J (2625) Titled Tuesday intern op 01st Sept blitz 2020 (7)}) 15... Rad8 16. Bg5 h6 17. Bxf6 Qxf6 18. Qd2 Ne5 19. Rac1 Bf5 20. Bg2 Re7 21. a4 a5 22. Nbc5 (22. Nxa5 $14 {stays ahead.} Bxd3 23. exd3 Nxd3 24. Qxd3 Rxe1+ 25. Rxe1 Bxa5 26. Rd1) 22... Bxc5 $1 $17 23. Nxc5 b6 24. Nd3 Bxd3 25. exd3 Rde8 26. Re4 Nd7 {[%emt 0:07:07] [#]} 27. Rc6 $1 {[%emt 0:08:26][%mdl 64] Repels Nc5. Deflection} Re6 (27... Qxc6 $11 28. Rxe7 (28. Rxd4 $2 Re1+ $19) 28... Qc8) (27... Rxe4 28. Bxe4) 28. Rexe6 (28. b4 $1 $14) 28... Rxe6 $11 29. Rxe6 Qxe6 $14 {[%emt 0:00:39][%mdl 4096] Endgame KQB-KQN} 30. b4 Qe5 31. Bc6 Nf6 32. bxa5 bxa5 33. Bb5 Qc7 34. Bc4 (34. Qb2 $5 ) 34... Nd7 35. Qe2 Nf6 36. Qb2 Qa7 37. Qb5 Qc7 38. Qa6 Kf8 ({Black should try} 38... Kh8 $14) 39. Qa8+ $16 Ke7 40. h3 Qb6 41. Qc8 (41. Bb5 $16) 41... g6 (41... Nh7 $14) 42. Bb5 $1 $18 h5 43. Kg2 h4 44. g4 (44. gxh4 $6 Nh5 $16) 44... Qd6 45. Kg1 (45. Qb7+ $18 Kf8 46. Bc4) 45... Qe5 $2 (45... Nd5 $1 $14) 46. Qb7+ $1 Kf8 {[%emt 0:00:07] [#] Threatens to win with ...Nd5.} 47. Bc4 {[%emt 0:00:23][%csl Gc4][%cal Rb7f7] Repels Nd5} Qe1+ 48. Kg2 Qe8 (48... Qe7 {is a better defense.} 49. Qb6 Kg8) 49. Qa7 (49. Kf1 $142) 49... Qd7 50. Qb8+ ({Don't play} 50. Qxa5 $6 Qb7+ 51. Kf1 Qh1+ 52. Ke2 Qxh3) 50... Kg7 {[%emt 0:01:27] [#]} 51. Qe5 $1 {[%emt 0:01:38] g5 is the strong threat.} Qb7+ 52. Kh2 {[%emt 0:01:19][%cal Og4g5] Hoping for g5!} Qf3 $2 (52... Qb2 $16) 53. Qxd4 {[%emt 0:00:09] Black must now prevent g5. Active counter play!} Kh7 $2 (53... g5 54. Qe3 Qxe3 55. fxe3 Nd7) 54. Kg1 ({Less strong is} 54. Bxf7 Nxg4+ 55. hxg4 Qxf7 $18) 54... Ng8 (54... Kg8 $142 55. Qe5 Kh7) 55. Bd5 Qd1+ 56. Kg2 Nh6 57. g5 {[%emt 0:02:00][%csl LRh4,LRh6][%mdl 64] Discovered Attack. White mates.} Nf5 58. Qf6 Ne3+ 59. fxe3 {[%emt 0:00:06] Weighted Error Value: White=0.21 (precise) /Black=0.49} 1-0

[Event "European Women-ch 2023"]
[Site "Petrovac"]
[Date "2023.03.27"]
[Round "9.11"]
[White "Kulon, Klaudia"]
[Black "Gunina, Valentina"]
[Result "1-0"]
[ECO "B12"]
[WhiteElo "2290"]
[BlackElo "2478"]
[Annotator "TA"]
[PlyCount "71"]
[EventDate "2023.03.15"]
[EventType "swiss"]
[EventCountry "MNE"]
[SourceTitle "playchess.com"]
[Source "ChessBase"]
[SourceQuality "1"]
[TimeControl "40/5400+30:1800+30"]

1. e4 c6 2. d4 d5 3. e5 c5 4. dxc5 e6 5. Bd3 Nd7 6. Nf3 {[%emt 0:00:30] B12: Caro-Kann: Advance Variation.} Bxc5 7. O-O Ne7 8. a3 {[%emt 0:00:50] White is slightly better.} a6 9. b4 Ba7 {[%emt 0:00:12] [#]} 10. Re1 $146 ({Predecessor:} 10. Bb2 b5 11. a4 bxa4 12. c4 dxc4 13. Bxc4 O-O 14. Qe2 Bb7 15. Nbd2 Ng6 16. g3 {0-1 Pinheiro,I (2320)-Csonka,B (2474) Titled Tuesday intern op 01st Mar Late blitz 2022 (8)}) 10... Ng6 11. Bb2 O-O 12. Nbd2 Nf4 13. Bf1 f6 14. exf6 {[%emt 0:04:25] White leaves nothing to chance now.} (14. g3 Ng6 $11) 14... Nxf6 {[%emt 0:00:32] [#]} 15. c4 $1 Ng4 (15... Qb6 $2 16. c5 Qd8 17. g3 $18) 16. c5 b6 17. Nb3 e5 18. Bxe5 Nxe5 19. Nxe5 Qf6 20. Ra2 a5 {[%emt 0:10:49] [#]} (20... bxc5 {was necessary.} 21. Nxc5 Qd6) 21. g3 (21. bxa5 bxc5 22. g3 Nh3+ 23. Kg2 (23. Bxh3 Bxh3 24. Rae2 c4 $15) 23... Kh8 $11) (21. c6 $1 $18) 21... a4 (21... Nh3+ $16 {was called for.} 22. Kh1 (22. Bxh3 Bxh3 23. Rae2 bxc5 $16) 22... a4) 22. Nd4 bxc5 23. Ndc6 {[%emt 0:00:51] Excellent horsemanship.} Nh3+ 24. Bxh3 Bxh3 25. Nxa7 (25. Qxd5+ $6 Be6 26. Ng4 (26. Qd2 cxb4 27. axb4 Bxa2 $17) 26... Bxd5 $16) 25... Rxa7 26. bxc5 Re7 (26... Bf5 $16 27. f4 (27. Qxd5+ Be6 $16) 27... Be4) 27. Qd4 {[%emt 0:02:37] Hoping for Rae2.} ({Resist} 27. Qxd5+ $6 Be6 28. Qd2 Bxa2 29. Qxa2+ Kh8 $16) 27... Rd8 (27... Bf5 $16 {is a better defense.}) 28. f4 g5 29. Rf2 ({Less strong is} 29. Qxa4 gxf4 30. Qxf4 Qxf4 31. gxf4 Rg7+ 32. Kh1 Rf8 $16) 29... Rde8 30. Qxd5+ Kh8 $2 (30... Qf7 31. Qxf7+ (31. Nxf7 $2 {leads to mate.} Rxe1+) 31... Rxf7) 31. fxg5 $18 Qg7 32. Rfe2 {[%emt 0:01:13][%cal Oe5g6] Ng6+! would be deadly.} Re6 {[%emt 0:02:32] Against Ng6+} 33. Re3 {[%emt 0:03:01] g4 is the strong threat.} Bf5 34. g4 Bc2 {[%emt 0:00:01] [#]} 35. Nf7+ $1 Kg8 (35... Qxf7 36. Rxe6) 36. Nh6+ {[%emt 0:00:19] Weighted Error Value: White=0.14 (very precise) /Black=0.55} 1-0